 Dungeon Crawl Stone Soup version 0.28.0-1-gb440e238dd (webtiles) character file.

Game seed: 279404036131616240

31160 mortz the Thaumaturge (level 13, -6/87 HPs)
             Began as a Human Conjurer on Feb 22, 2022.
             Was an Elder of Vehumet.
             Mangled by a boulder beetle (19 damage)
             ... on level 5 of the Lair of Beasts.
             The game lasted 03:08:00 (25275 turns).

mortz the Thaumaturge (Human Conjurer)             Turns: 25275, Time: 03:08:01

Health: -6/87      AC: 15    Str: 13    XL:     13   Next: 94%
Magic:  26/38      EV: 12    Int: 32    God:    Vehumet [****..]
Gold:   295        SH:  5    Dex: 12    Spells: 6/36 levels left

rFire   . . .      SeeInvis .   P - +5 hand axe of Zoesah {holy, Int+5}
rCold   . . .      Faith    .   (no shield)
rNeg    . . .      Spirit   .   S - +2 ring mail of Nuwaeh Mupso {rElec Str+2 Int+2}
rPois   +          Reflect  +   C - +2 hat
rElec   +          Harm     .   (no cloak)
rCorr   +          Rampage  .   c - +1 pair of gloves {Str+3}
Will    .....                   b - +1 pair of boots "Jampaph" {rCorr Int+2}
Stlth   ++........              t - amulet of reflection
HPRegen 0.24/turn               l - ring of poison resistance
MPRegen 0.26/turn               M - ring of magical power

@: studying Slings
A: no striking features
a: Renounce Religion


You were on level 5 of the Lair of Beasts.
You worshipped Vehumet.
Vehumet was greatly pleased with you.
You visited 3 branches of the dungeon, and saw 16 of its levels.

You collected 905 gold pieces.
You spent 610 gold pieces at shops.

Inventory:

Hand Weapons
 e - a +1 dagger of protection
 h - a +2 whip of draining
 i - a +2 dagger of electrocution
 s - a +2 spear of venom
 E - a +2 vorpal spear
 N - a +5 dire flail of freezing
 O - a +5 spear of freezing
 P - the +5 hand axe of Zoesah (weapon) {holy, Int+5}
   (You found it on level 8 of the Dungeon)

   It has been blessed by the Shining One to cause great damage to the undead
   and demons.
   Int:       It affects your intelligence (+5).
 Q - a +2 vorpal battleaxe
Missiles
 H - 11 poisoned darts
Armour
 b - the +1 pair of boots "Jampaph" (worn) {rCorr Int+2}
   (You bought it in a shop on level 7 of the Dungeon)

   Int:       It affects your intelligence (+2).
   rCorr:     It protects you from acid and corrosion.
 c - a +1 pair of gloves of strength (worn)
 B - a +0 buckler
 C - a +2 hat (worn)
 I - a +1 chain mail of cold resistance
 S - the +2 ring mail of Nuwaeh Mupso (worn) {rElec Str+2 Int+2}
   (You took it off an orc on level 9 of the Dungeon)

   Str:       It affects your strength (+2).
   Int:       It affects your intelligence (+2).
   rElec:     It insulates you from electricity.
Magical Staves
 o - a staff of cold
 G - a staff of fire
Jewellery
 l - a ring of poison resistance (left hand)
 n - a ring of wizardry
 p - a ring of flight
 q - a ring of resist corrosion
 t - an amulet of reflection (around neck)
 y - a +6 ring of intelligence
 M - a ring of magical power (right hand)
Wands
 u - a wand of digging (8)
 X - a wand of flame (10)
 Y - a wand of mindburst (9)
Scrolls
 j - a scroll of enchant weapon {unknown}
 r - a scroll of noise {unknown}
 v - 3 scrolls of vulnerability
 x - 5 scrolls of teleportation
 A - a scroll of blinking
 D - a scroll of holy word {unknown}
 F - a scroll of summoning {unknown}
 K - 3 scrolls of amnesia
 R - 2 scrolls of fog
 U - 2 scrolls of immolation
 Z - 2 scrolls of silence {unknown}
Potions
 d - 4 potions of brilliance
 f - 6 potions of mutation
 g - 2 potions of cancellation {unknown}
 k - 4 potions of flight
 m - 3 potions of ambrosia
 w - 3 potions of curing {unknown}
 z - a potion of attraction {unknown}
 J - 2 potions of haste {unknown}
 L - a potion of degeneration {unknown}
 T - 3 potions of lignification {unknown}
 V - a potion of invisibility
 W - a potion of berserk rage {unknown}


   Skills:
 + Level 3.4 Fighting
 + Level 2.4 Short Blades
 + Level 6.0(6.1) Axes
 + Level 1.3(4.0) Maces & Flails
 + Level 7.5 Armour
 + Level 4.6 Dodging
 + Level 5.2 Stealth
 + Level 4.8 Shields
 + Level 12.1 Spellcasting
 + Level 10.9 Conjurations
 + Level 0.1 Hexes
 + Level 8.1 Fire Magic
 + Level 3.0 Air Magic


You had 6 spell levels left.
You knew the following spells:

 Your Spells              Type           Power      Damage    Failure   Level
a - Magic Dart            Conj           100%       1d8       1%          1
b - Searing Ray           Conj           100%       2d8       1%          2
c - Dazzling Flash        Conj/Hex       100%       N/A       1%          3
d - Foxfire               Conj/Fire      100%       2x1d9     1%          1
e - Freezing Cloud        Conj/Ice/Air   24%        6-21      5%          5
f - Fulminant Prism       Conj/Hex       26%        3d14      1%          4
g - Iskenderun's Mystic   Conj/Tloc      53%        2d11      1%          4
h - Mephitic Cloud        Conj/Pois/Air  49%        N/A       1%          3
i - Scorch                Fire           100%       2d10      1%          2
j - Lightning Bolt        Conj/Air       29%        1d46      2%          5

Your spell library contained the following spells:

 Spells                   Type           Power      Damage    Failure   Level
 Shock                    Conj/Air       100%       1d9       1%          1
 Poisonous Vapours        Pois/Air       58%        N/A       1%          2
 Static Discharge         Conj/Air       59%        N/A       1%          2
 Corpse Rot               Necr/Air       58%        N/A       3%          2
 Airstrike                Air            19%        N/A       3%          4
 Sting                    Tmut/Pois      76%        1d6       4%          1
 Swiftness                Air            39%        N/A       4%          3
 Irradiate                Conj/Tmut      26%        3d22      4%          5
 Call Imp                 Summ           19%        N/A       7%          2
 Sublimation of Blood     Necr           19%        N/A       7%          2
 Tukima's Dance           Hex            20%        N/A       13%         3
 Olgreb's Toxic Radiance  Pois           19%        N/A       13%         4
 Anguish                  Hex/Necr       9%         N/A       41%         4
 Dispel Undead            Necr           19%        3d11      43%         4
 Petrify                  Tmut/Erth      19%        N/A       43%         4
 Death Channel            Necr           9%         N/A       100%        6
 Enfeeble                 Hex            10%        N/A       100%        7
 Maxwell's Capacitive Co  Air            19%        ∞         100%        8


Dungeon Overview and Level Annotations

Branches:
Dungeon (10/15)            Temple (1/1) D:7            Lair (5/6) D:10
  Swamp (0/4) Lair:3       Spider (0/4) Lair:3          Orc (0/2) D:9
  Slime: Lair:5-6

Altars:
Ashenzari
Cheibriados
Dithmenos
Elyvilon
Fedhas
Gozag
Hepliaklqana
Kikubaaqudgha
Makhleb
Nemelex Xobeh
Okawaru
Qazlal
Ru
Sif Muna
Trog
Uskayaw
Vehumet
Wu Jian
Xom
Yredelemnul
Zin
The Shining One
Beogh

Shops:
D:5 ?   D:7 [*[[   D:8 *(

Annotations:
Lair:4 1 runed translucent door, bmoney's ghost, journeyman DjCj


Message History

The boulder beetle barely misses you. The boulder beetle bites you!!
You climb upwards.
Level annotation: 1 runed translucent door, bmoney's ghost, journeyman DjCj
There is a stone staircase leading down here.
The boulder beetle bites you!
You climb downwards.
There is a stone staircase leading up, spattered with blood here.
Casting: Scorch (safe; 1% risk of failure)
Confirm with . or Enter, or press ? or * to list all spells.
Flames lash the boulder beetle.
The boulder beetle is burned terribly!
The boulder beetle is lightly wounded.
The boulder beetle barely misses you.
Casting: Scorch (safe; 1% risk of failure)
Confirm with . or Enter, or press ? or * to list all spells.
Flames lash the boulder beetle.
The boulder beetle is burned terribly!
The boulder beetle is moderately wounded.
The boulder beetle bites you but does no damage.
Casting: Scorch (safe; 1% risk of failure)
Confirm with . or Enter, or press ? or * to list all spells.
Flames lash the boulder beetle but do no damage.
The boulder beetle bites you but does no damage.
Casting: Scorch (safe; 1% risk of failure)
Confirm with . or Enter, or press ? or * to list all spells.
Flames lash the boulder beetle.
The boulder beetle is burned terribly!
The boulder beetle is moderately wounded.
The boulder beetle bites you!!
* * * LOW HITPOINT WARNING * * *
Casting: Scorch (safe; 1% risk of failure)
Confirm with . or Enter, or press ? or * to list all spells.
Aiming: Lightning Bolt (dangerous; 2% risk of failure)
Press: ? - help, Shift-Dir - straight line, f - boulder beetle
Aim: a boulder beetle (moderately wounded, more vulnerable to fire, 100% to hit)
You hear a mighty clap of thunder!
The bolt of lightning hits the boulder beetle!
The boulder beetle is moderately wounded.
You hear a trumpeting! x4; You hear a bellow!
You hear a trumpeting!
You hear a bellow! x7
The boulder beetle bites you!!
You die...

#....######
P........
##.......
#.......
#...... .
#.....# .#
#....##..##
##..@#.#....
##...B.......
#............
###..........
##....##..##
.# #.....#
### .#
#.....# ..##
#.....# ....#
#....P####
#...##


You could see a boulder beetle (combustible).

Vanquished Creatures
  2 hydras
  2 boulder beetles
  2 two-headed ogres
  A wizard (D:10)
  Pikel (D:4)
  A lindwurm (Lair:5)
  The ghost of Snicker the Sneak, a novice DsDe (D:5)
  An ugly thing (D:8)
  The ghost of pigah the Zephyrmancer, a novice OpAE of Wu Jian (D:5)
  6 centaur zombies
  A cyclops (D:10)
  2 elephants
  A gargoyle (D:9)
  3 black mambas
  Joseph (D:7)
  A rime drake (Lair:4)
  11 cane toads
  4 komodo dragons
  2 polar bears
  7 blink frogs (Lair:1)
  2 tyrant leeches (Lair:3)
  Grinder (D:6)
  A meliai zombie (D:6)
  5 jumping spiders (Lair:3)
  3 culicivoras (Lair:3)
  Sigmund (D:3)
  9 spriggans (Lair:1)
  2 wyverns
  27 yaks
  4 humans (D:9)
  A redback (Lair:3)
  4 basilisks
  9 water moccasins
  2 sky beasts
  2 black bears
  4 orc warriors
  3 necrophages
  3 centaurs
  An ogre (D:5)
  11 wolves (Lair:1)
  A lemure (D:4)
  4 kobold brigands
  A phantom (D:5)
  Blork the orc (D:6)
  13 bullfrogs
  4 gnoll sergeants
  A wyvern skeleton (D:6)
  2 water moccasin skeletons
  3 electric eels (Lair:2)
  A vampire bat (D:10)
  8 wights (D:8)
  A howler monkey (D:4)
  A bullfrog zombie (D:5)
  A jelly (D:5)
  13 hounds
  4 orc priests (D:9)
  3 gnoll shamans (D:8)
  A bullfrog skeleton (D:6)
  4 iguanas
  5 orc wizards
  Robin (D:4)
  32 gnolls
  5 adders
  A shadow imp (D:7)
  A white imp (D:6)
  An ufetubus (D:5)
  An adder skeleton (D:4)
  3 worms
  The ghost of Icepheonix32 the Sneak, a weakling DsDe (D:5)
  The ghost of Dvallin the Sneak, a weakling FoDe (D:5)
  A dart slug (D:2)
  39 orcs
  12 endoplasms
  7 giant cockroaches
  15 goblins
  10 hobgoblins
  5 jackals (D:8)
  5 quokkas
  6 ball pythons
  17 bats
  2 frilled lizards (D:1)
  19 kobolds
  7 rats
410 creatures vanquished.

Vanquished Creatures (others)
  329 foxfires
  6 fulminant prisms
  26 fungi
  39 plants
400 creatures vanquished.

Grand Total: 810 creatures vanquished

Notes
Turn   | Place    | Note
-------+----------+-------------------------------------------
     0 | D:1      | mortz the Human Conjurer began the quest for the Orb.
     0 | D:1      | Reached XP level 1. HP: 13/13 MP: 3/3
   206 | D:1      | Reached XP level 2. HP: 17/19 MP: 1/5
   228 | D:1      | Learned a level 2 spell: Searing Ray
   762 | D:1      | Reached XP level 3. HP: 24/24 MP: 2/6
   947 | D:1      | Found a faded altar of an unknown god.
  1839 | D:2      | Reached XP level 4. HP: 30/30 MP: 4/7
  2616 | D:3      | Reached skill level 5 in Conjurations
  3006 | D:3      | Noticed Sigmund
  3197 | D:3      | Reached XP level 5. HP: 35/35 MP: 6/9
  3700 | D:3      | Killed Sigmund
  3701 | D:3      | Reached skill level 3 in Spellcasting
  3701 | D:3      | Reached XP level 6. HP: 32/41 MP: 0/11
  3821 | D:3      | Found an ornate altar of the Wu Jian Council.
  3821 | D:3      | Found a radiant altar of Vehumet.
  3827 | D:3      | Became a worshipper of Vehumet
  3943 | D:4      | Noticed Pikel
  3966 | D:4      | Killed Pikel
  3967 | D:4      | Reached skill level 4 in Spellcasting
  3967 | D:4      | Reached XP level 7. HP: 43/46 MP: 1/14
  4156 | D:4      | Learned a level 3 spell: Dazzling Flash
  4268 | D:4      | Reached skill level 1 in Short Blades
  4268 | D:4      | Reached XP level 8. HP: 52/52 MP: 9/15
  4431 | D:4      | Noticed Robin
  4438 | D:4      | Killed Robin
  4904 | D:4      | Reached * piety under Vehumet
  4904 | D:4      | Offered knowledge of Foxfire by Vehumet.
  5051 | D:4      | Learned a level 1 spell: Foxfire
  5231 | D:5      | Entered Level 5 of the Dungeon
  5279 | D:5      | Reached skill level 5 in Spellcasting
  5626 | D:5      | Found a runed translucent gate.
  5626 | D:5      | Found a runed translucent gate.
  5626 | D:5      | Found a runed translucent gate.
  5628 | D:5      | Noticed pigah's ghost (novice OpAE)
  5628 | D:5      | Noticed Dvallin's ghost (weakling FoDe)
  5629 | D:5      | Noticed Snicker's ghost (novice DsDe)
  5629 | D:5      | Noticed Icepheonix32's ghost (weakling DsDe)
  5731 | D:5      | Learned a level 2 spell: Static Discharge
  5961 | D:5      | Found Jily's Magic Scroll Shop.
  5970 | D:5      | Reached XP level 9. HP: 53/57 MP: 11/17
  6055 | D:5      | Bought a scroll of teleportation for 45 gold pieces
  6055 | D:5      | Bought a scroll of enchant armour for 112 gold pieces
  6055 | D:5      | Bought a scroll of identify for 30 gold pieces
  6453 | D:5      | Killed Dvallin's ghost
  6456 | D:5      | Killed Icepheonix32's ghost
  6457 | D:5      | Killed pigah's ghost
  6458 | D:5      | Reached skill level 6 in Spellcasting
  6464 | D:5      | Killed Snicker's ghost
  6465 | D:5      | Reached skill level 5 in Armour
  6465 | D:5      | Reached skill level 1 in Shields
  6614 | D:5      | Learned a level 4 spell: Fulminant Prism
  6619 | D:5      | Learned a level 4 spell: Iskenderun's Mystic Blast
  6732 | D:6      | Reached skill level 1 in Fighting
  6732 | D:6      | Reached XP level 10. HP: 23/65 MP: 0/19
  7596 | D:6      | Noticed Blork the orc
  7602 | D:6      | Killed Blork the orc
  8219 | D:6      | Noticed Grinder
  8223 | D:6      | Killed Grinder
  8482 | D:7      | Found a staircase to the Ecumenical Temple.
  8491 | Temple   | Entered the Ecumenical Temple
  8890 | D:7      | Found Toasioc's Armour Emporium.
  8964 | D:7      | Found Seloduic's Assorted Antiques.
  8993 | D:7      | Reached skill level 5 in Stealth
  9083 | D:7      | Found Guwyer Kikk's Armour Emporium.
  9288 | D:7      | Reached skill level 7 in Spellcasting
  9372 | D:7      | Noticed Joseph
  9385 | D:7      | Killed Joseph
  9679 | D:7      | Found Heagegg's Armour Boutique.
 10133 | D:8      | Offered knowledge of Sandblast by Vehumet.
 10142 | D:8      | Reached ** piety under Vehumet
 10297 | D:7      | HP: 1/67 [yak (10)]
 10736 | D:8      | Reached skill level 10 in Conjurations
 10829 | D:8      | Reached skill level 1 in Fire Magic
 10829 | D:8      | Reached XP level 11. HP: 54/72 MP: 17/22
 11056 | D:8      | Noticed a green ugly thing
 11075 | D:8      | Offered knowledge of Scorch by Vehumet.
 11102 | D:8      | Learned a level 3 spell: Mephitic Cloud
 11105 | D:8      | Learned a level 2 spell: Scorch
 11123 | D:8      | Killed a green ugly thing
 11503 | D:8      | Reached skill level 8 in Spellcasting
 11591 | D:8      | Found Doufopuo's Antique Weapon Emporium.
 11707 | D:8      | Identified the +5 hand axe of Zoesah {holy, Int+5}
 11877 | D:8      | Reached *** piety under Vehumet
 11879 | D:8      | Found Otur's Assorted Antiques.
 12285 | D:8      | Noticed a two-headed ogre
 12312 | D:8      | Killed a two-headed ogre
 12313 | D:8      | Reached skill level 1 in Axes
 13118 | D:9      | Offered knowledge of Olgreb's Toxic Radiance by Vehumet.
 13147 | D:9      | Learned a level 5 spell: Lightning Bolt
 13525 | D:9      | Found a staircase to the Orcish Mines.
 13727 | D:9      | Reached **** piety under Vehumet
 13862 | D:7      | Bought the +1 pair of boots "Jampaph" {rCorr Int+2} for 315
                  | gold pieces
 14414 | D:9      | Identified the +2 ring mail of Nuwaeh Mupso {rElec Str+2
                  | Int+2}
 14781 | D:10     | Entered Level 10 of the Dungeon
 14809 | D:10     | Found a staircase to the Lair.
 14809 | D:10     | Noticed an elephant
 15154 | D:10     | Offered knowledge of Fireball by Vehumet.
 15164 | D:10     | Reached skill level 9 in Spellcasting
 15165 | D:10     | Noticed a two-headed ogre
 15171 | D:10     | Killed a two-headed ogre
 15530 | D:10     | Noticed a wizard
 15534 | D:10     | Killed a wizard
 15540 | D:10     | Killed an elephant
 15541 | D:10     | Reached XP level 12. HP: 55/80 MP: 11/25
 15686 | D:10     | Reached skill level 5 in Fire Magic
 16008 | D:10     | Noticed a boulder beetle
 16020 | D:10     | Reached skill level 1 in Air Magic
 16023 | D:10     | Killed a boulder beetle
 16379 | Lair:1   | Entered Level 1 of the Lair of Beasts
 17527 | D:10     | Reached skill level 10 in Spellcasting
 17611 | D:8      | Bought a scroll of identify for 54 gold pieces
 17611 | D:8      | Bought a scroll of identify for 54 gold pieces
 17994 | Lair:1   | Reached ***** piety under Vehumet
 17994 | Lair:1   | Offered knowledge of Freezing Cloud by Vehumet.
 18002 | Lair:1   | Learned a level 5 spell: Freezing Cloud
 18084 | Lair:1   | HP: 2/81 [spriggan (5)]
 18436 | Lair:1   | Reached skill level 5 in Axes
 19045 | Lair:1   | Reached XP level 13. HP: 86/86 MP: 27/27
 19075 | Lair:1   | HP: 1/86 [blink frog (14)]
 19784 | Lair:2   | Reached skill level 11 in Spellcasting
 20813 | Lair:2   | Noticed an eight-headed hydra
 20828 | Lair:2   | Killed an eight-headed hydra
 21567 | Lair:3   | Noticed a six-headed hydra
 21575 | Lair:3   | Killed a six-headed hydra
 21710 | Lair:3   | Noticed a boulder beetle
 21713 | Lair:3   | Killed a boulder beetle
 21808 | Lair:3   | Reached skill level 1 in Maces & Flails
 22855 | Lair:3   | Found a staircase to the Swamp.
 22958 | Lair:3   | Found a hole to the Spider Nest.
 23541 | Lair:4   | Reached skill level 12 in Spellcasting
 23765 | Lair:4   | Noticed bmoney's ghost (journeyman DjCj)
 23883 | Lair:4   | Found a runed translucent door.
 24496 | Lair:5   | Noticed a boulder beetle
 24668 | Lair:5   | HP: 2/87 [boulder beetle (9)]
 25275 | Lair:5   | Mangled by a boulder beetle

Illustrated notes

Levels and vault maps discovered:
D:1:      scummos_arrival_hexagon, layout_loops_corners,
          shapermc_ecumenical_altar_hornbeckon
D:2:      layout_basic
D:3:      layout_basic, gammafunk_temple_overflow_wave, uniq_sigmund
D:4:      layout_basic, uniq_pikel, uniq_robin
D:5:      layout_loops_ring, gammafunk_ghost_cemetery, serial_shops, shop
D:6:      layout_basic, gup_sewer_entry_glass, serial_bayou_pond_c,
          minivault_19, uniq_grinder, uniq_blork_the_orc
D:7:      layout_loops_corners, minmay_temple_entry_antechambers, serial_shops,
          shop, shop, shop, nicolae_shop_waterfront, uniq_joseph
D:8:      layout_cave_pools, enter_bailey_2, serial_gnoll_camp,
          gnoll_camp_mini_shop, gnoll_camp_huts_basic, gnoll_camp_mini_doghouse,
          gnoll_camp_medium_02, gnoll_camp_mini_basic, gnoll_camp_mini_shop,
          minmay_manual_moon
D:9:      layout_basic, david_orc_5, minmay_ruffians
D:10:     layout_roguey, david_lair_generic, minivault_20, roderic_batcave
Temple:   mainiacjoe_temple_cubbyholes
Lair:1:   kb_forest_paths, layout_small_grid, st_stairs_12
Lair:2:   layout_loops_ring, disabler_island
Lair:3:   layout_small_grid, minmay_swamp_entry_worms,
          nicolae_spider_entry_tight_spaces, enter_volcano_4, grunt_megastairs_4
Lair:4:   layout_gridlike, hellmonk_ghost_happy_afterlife
Lair:5:   layout_long_grid, minmay_slime_entry_oklob_open

Skill      XL: |  1  2  3  4  5  6  7  8  9 10 11 12 13 |
---------------+----------------------------------------+-----
Conjurations   | 5 6 7 8 10 | 10.9
Stealth        | 3 4 5 |  5.2
Spellcasting   | 3 4 5 6 7 9 10 12 | 12.1
Armour         | 2 3 5 6 7 |  7.5
Short Blades   | 1 2 |  2.4
Shields        | 1 3 4 |  4.8
Fighting       | 1 2 3 |  3.4
Dodging        | 3 4 |  4.6
Fire Magic     | 1 4 6 8 |  8.1
Axes           | 3 5 6 |  6.0
Air Magic      | 2 3 |  3.0
Maces & Flails | 1 |  1.3
Hexes          | |  0.1

Action                   |  1- 3 |  4- 6 |  7- 9 | 10-12 | 13-15 || total
-------------------------+-------+-------+-------+-------+-------++-------
Melee: Dagger            |       |     2 |    20 |    49 |       ||    71
       Punch             |       |       |     1 |       |     1 ||     2
       Hand axe          |       |       |       |   116 |    79 ||   195
       Dire flail        |       |       |       |       |     7 ||     7
 Cast: Magic Dart        |    57 |    24 |    34 |    71 |    34 ||   220
       Searing Ray       |     9 |    19 |    38 |    44 |     4 ||   114
       Foxfire           |       |       |       |   130 |    51 ||   181
       Fulminant Prism   |       |       |       |     5 |     1 ||     6
       Dazzling Flash    |       |       |       |     1 |       ||     1
       Scorch            |       |       |       |   156 |   150 ||   306
       Lightning Bolt    |       |       |       |    47 |    35 ||    82
       Mephitic Cloud    |       |       |       |     3 |       ||     3
       Iskenderun's Myst |       |       |       |     2 |     1 ||     3
Evoke: Wand              |       |       |       |       |     1 ||     1
  Use: Scroll            |       |       |     2 |    11 |     8 ||    21
       Potion            |       |       |       |     3 |       ||     3
 Stab: Distracted        |       |       |     1 |       |       ||     1
       Confused          |       |       |       |     3 |       ||     3
       Sleeping          |       |       |       |     2 |       ||     2
Armor: Robe              |     3 |     2 |       |       |       ||     5
       Ring mail         |       |     5 |    37 |   112 |    99 ||   253
Dodge: Dodged            |     5 |     7 |    43 |   154 |    96 ||   305
Block: Other             |       |       |    12 |       |    18 ||    30
       Buckler           |       |       |    14 |   187 |    46 ||   247
       Reflection        |       |       |     1 |    10 |       ||    11
